 Dungeon Crawl Stone Soup version 0.28.0-53-g5a82cb258f (webtiles) character file.

Game seed: 6925353314216756969

597 Peloso the Slasher (level 7, -2/61 HPs)
             Began as a Minotaur Fighter on June 8, 2022.
             Slain by a scorpion (5 damage)
             ... on level 5 of the Dungeon.
             The game lasted 00:06:33 (4486 turns).

Peloso the Slasher (Minotaur Fighter)               Turns: 4486, Time: 00:06:35

Health: -2/61      AC: 11    Str: 21    XL:     7   Next: 17%
Magic:  6/6        EV:  8    Int:  5    God:
Gold:   158        SH:  5    Dex: 11    Spells: 6/6 levels left

rFire   . . .      SeeInvis .   a - +0 long sword
rCold   . . .      Faith    .   c - +0 buckler
rNeg    . . .      Spirit   .   s - +0 chain mail
rPois   .          Reflect  .   (helmet restricted)
rElec   .          Harm     .   e - +0 cloak
rCorr   .          Rampage  .   (no gloves)
Will    .....                   (no boots)
Stlth   ..........              (no amulet)
HPRegen 0.20/turn               (no ring)
MPRegen 0.10/turn               (no ring)

@: lethally poisoned (-2 -> -10)
A: horns 2, retaliatory headbutt
a: no special abilities


You were on level 5 of the Dungeon.
You visited 1 branch of the dungeon, and saw 5 of its levels.

You collected 200 gold pieces.
You spent 42 gold pieces at shops.

Inventory:

Hand Weapons
 a - a +0 long sword (weapon)
Missiles
 u - a throwing net (quivered)
Armour
 b - a +0 scale mail
 c - a +0 buckler (worn)
 e - a +0 cloak (worn)
 s - a +0 chain mail (worn)
Jewellery
 q - an amulet of faith
Wands
 p - a wand of flame (19)
Scrolls
 h - a scroll of magic mapping
 i - a scroll of noise {unknown}
 k - a scroll of summoning {unknown}
 l - a scroll of enchant weapon {unknown}
 n - a scroll of amnesia {unknown}
 o - a scroll of immolation
 r - a scroll of fog {unknown}
 t - 2 scrolls of teleportation
Potions
 d - 2 potions of might
 f - a potion of flight
 g - a potion of curing
 m - a potion of magic
 w - a potion of brilliance


   Skills:
 + Level 5.2 Fighting
 + Level 5.7 Long Blades
 + Level 5.7 Armour
 + Level 3.0 Dodging
 + Level 0.3 Stealth
 + Level 4.6 Shields


You had 6 spell levels left.
You didn't know any spells.
Your spell library contained the following spells:

 Spells                   Type           Power      Damage    Failure   Level
 Gell's Gravitas          Tloc           0%         N/A       100%        3
 Lesser Beckoning         Tloc           0%         N/A       100%        3
 Teleport Other           Tloc           0%         N/A       100%        3


Dungeon Overview and Level Annotations

Branches:
Dungeon (5/15)             Temple (0/1) D:5

Altars:
Ashenzari

Shops:
D:2 *


Innate Abilities, Weirdness & Mutations

You have a pair of horns on your head.
You reflexively headbutt those who attack you in melee.


Message History

You hear the slow rusting of a drain nearby.
The scorpion stings you.
* * * LOW HITPOINT WARNING * * *
The scorpion barely misses you.
The scorpion stings you but does no damage.
You hit the scorpion.
You headbutt the scorpion, but do no damage.
The scorpion is severely wounded.
The scorpion stings you but does no damage.
The scorpion stings you.
* * * LOW HITPOINT WARNING * * *
You are poisoned.
The scorpion poisons you!
You barely miss the scorpion.
The scorpion is severely wounded.
* * * LOW HITPOINT WARNING * * *
You feel very sick. The scorpion barely misses you.
You block the scorpion's attack.
Unknown command.
You hit the scorpion.
You kill the scorpion!
You feel sick.
The scorpion stings you but does no damage. x2
Unknown command.
You slash the scorpion!
The scorpion is heavily wounded.
You feel sick. The scorpion barely misses you.
Unknown command.
You barely miss the scorpion.
The scorpion is heavily wounded.
You feel sick. The scorpion stings you.
* * * LOW HITPOINT WARNING * * *
You are lethally poisoned!
The scorpion poisons you! You block the scorpion's attack.
You hit the scorpion but do no damage.
The scorpion is heavily wounded.
* * * LOW HITPOINT WARNING * * *
You feel very sick. The scorpion stings you.
You die...

##...........#
##............#
##..............
#...............
#.............. ###
#............. ##.##
#...s....<... ##...###
#...@†...... #......##
##.......... ##.......##
##.........#
#.........###.##......##
#..........##.####...##
#...........#.# ####
#............##
##............##
#.............# ######


You could see a scorpion.

Vanquished Creatures
  Prince Ribbit (D:5)
  Pargi (D:4)
  A scorpion (D:5)
  A centaur skeleton (D:5)
  An orc priest (D:3)
  An iguana (D:4)
  3 adders (D:2)
  4 gnolls
  An adder skeleton (D:4)
  4 worms
  3 dart slugs
  5 orcs
  5 endoplasms
  2 giant cockroaches
  5 goblins
  4 hobgoblins
  5 jackals
  4 quokkas
  8 ball pythons
  6 bats
  A frilled lizard (D:1)
  6 kobolds
  3 rats
75 creatures vanquished.

Vanquished Creatures (others)
  A frilled lizard (D:1)
1 creature vanquished.

Grand Total: 76 creatures vanquished

Notes
Turn   | Place    | Note
-------+----------+-------------------------------------------
     0 | D:1      | Peloso the Minotaur Fighter began the quest for the Orb.
     0 | D:1      | Reached XP level 1. HP: 19/19 MP: 0/0
   326 | D:1      | Reached XP level 2. HP: 24/27 MP: 1/1
  1318 | D:2      | Reached XP level 3. HP: 28/33 MP: 2/2
  1319 | D:2      | Reached skill level 1 in Dodging
  1495 | D:2      | Found Oteotuth's Assorted Antiques.
  1511 | D:2      | Bought a fizzy black potion for 21 gold pieces
  1511 | D:2      | Bought a fizzy black potion for 21 gold pieces
  1559 | D:2      | Reached XP level 4. HP: 28/40 MP: 3/3
  2472 | D:3      | Reached XP level 5. HP: 27/47 MP: 4/4
  3011 | D:3      | Found a faded altar of an unknown god.
  3520 | D:4      | Noticed Pargi
  3541 | D:4      | Killed Pargi
  3721 | D:4      | Reached XP level 6. HP: 55/55 MP: 5/5
  3878 | D:4      | Found a broken altar of Ashenzari.
  3971 | D:4      | Reached skill level 5 in Armour
  4384 | D:5      | Entered Level 5 of the Dungeon
  4386 | D:5      | Noticed Prince Ribbit
  4411 | D:5      | Killed Prince Ribbit
  4412 | D:5      | Reached skill level 5 in Fighting
  4412 | D:5      | Reached skill level 5 in Long Blades
  4439 | D:5      | Reached XP level 7. HP: 30/61 MP: 6/6
  4445 | D:5      | Found a staircase to the Ecumenical Temple.
  4486 | D:5      | HP: 3/61 [poisoned by a scorpion]
  4486 | D:5      | Slain by a scorpion

Illustrated notes

Levels and vault maps discovered:
D:1:      ebering_trefoil_3fold, layout_basic, corexii_leaking_fountain,
          chequers_serial_rivers_room_b
D:2:      layout_basic, serial_shops, nicolae_shop_statue_plus
D:3:      layout_loops_corners, basic_ecumenical_altar
D:4:      layout_gridville, ashenzari_conservatory_becter, hex_large,
          minmay_misc_feat_roman, uniq_pargi
D:5:      layout_cave_pods, minmay_temple_entry_wispy,
          cheibrodos_sewer_entry_sluice, corexii_mini_fake_secret_closet,
          st_stairs_5, uniq_eustachio, uniq_prince_ribbit1

Skill      XL: |  1  2  3  4  5  6 |
---------------+-------------------+-----
Fighting       | 4 5 |  5.2
Armour         | 4 5 |  5.7
Dodging        | 2 3 |  3.0
Long Blades    | 3 4 5 |  5.7
Shields        | 4 |  4.6
Stealth        | |  0.3

Action                   |  1- 3 |  4- 6 |  7- 9 || total
-------------------------+-------+-------+-------++-------
Melee: Long sword        |    61 |   126 |     8 ||   195
       Headbutt          |     8 |    25 |     2 ||    35
  Use: Scroll            |     4 |     5 |       ||     9
       Potion            |       |     1 |     1 ||     2
Armor: Scale mail        |    44 |    58 |       ||   102
       Chain mail        |       |    15 |     5 ||    20
Dodge: Dodged            |    42 |    70 |     4 ||   116
Block: Buckler           |    18 |    24 |     2 ||    44
